 Dungeon Crawl Stone Soup version 0.30-a0-1163-gf69bf04e7a (webtiles) character file.

Game seed: 9274743763295814340

2386 Arzdou the Digger (level 9, -2/45 HPs)
             Began as a Deep Elf Earth Elementalist on Apr 28, 2023.
             Was an Initiate of Gozag.
             Shot with an arrow by a centaur (19 damage)
             ... on level 8 of the Dungeon.
             The game lasted 00:13:27 (5714 turns).

Arzdou the Digger (Deep Elf Earth Elementalist)     Turns: 5714, Time: 00:13:30

Health: -2/45      AC:  6    Str:  5    XL:     9   Next: 22%
Magic:  18/20      EV: 15    Int: 25    God:    Gozag
Gold:   995        SH:  6    Dex: 21    Spells: 11/21 levels left

rFire   . . .        k - +0 sling
rCold   . . .        q - +1 buckler {AC+3}
rNeg    . . .        a - +0 robe
rPois   .            (no helmet)
rElec   .            (no cloak)
rCorr   .            (no gloves)
SInv    +            r - +0 pair of boots
Will    .....        m - amulet of magic regeneration
Stlth   ++++         x - ring of see invisible
HPRegen 0.27/turn    B - +6 ring of dexterity
MPRegen 0.57/turn

%: no passive effects
@: very slightly contaminated
A: no striking features
a: Renounce Religion, Potion Petition, Call Merchant, Bribe Branch


You were on level 8 of the Dungeon.
You worshipped Gozag.
Gozag was pleased with you.
You visited 1 branch of the dungeon, and saw 8 of its levels.

You collected 1246 gold pieces.
You spent 251 gold pieces at shops.

Inventory:

Hand Weapons
 k - a +0 sling (weapon)
Missiles
 o - 3 throwing nets
Armour
 a - a +0 robe (worn)
 q - a +1 buckler of protection (worn)
 r - a +0 pair of boots (worn)
Magical Staves
 D - a staff of conjuration
Jewellery
 d - the amulet "Duumueh" {Acrobat rC+ Int+3}
   (You found it on level 4 of the Dungeon)

   [amulet of the acrobat]

   It increases your evasion while moving and waiting.
   Int:       It affects your intelligence (+3).
   rC:        It protects you from cold.
 m - an amulet of magic regeneration (around neck)
 x - a ring of see invisible (left hand)
 z - the amulet "Nuamuc" {Faith Dex+3}
   (You found it on level 6 of the Dungeon)

   [amulet of faith]

   It allows you to gain divine favour quickly.
   Dex:       It affects your dexterity (+3).
 A - a ring of protection from fire
 B - a +6 ring of dexterity (right hand)
Wands
 u - a wand of flame (52)
Scrolls
 c - a scroll of magic mapping
 e - 3 scrolls of teleportation
 s - a scroll of immolation {unknown}
 t - 2 scrolls of enchant armour {unknown}
 v - 4 scrolls of identify
 w - 2 scrolls of amnesia {unknown}
 y - a scroll of blinking {unknown}
Potions
 b - 2 potions of magic
 f - a potion of curing {unknown}
 g - a potion of brilliance {unknown}
 h - 3 potions of attraction
 i - 3 potions of mutation {unknown}
 j - 5 potions of flight
 l - 2 potions of degeneration {unknown}
 n - 2 potions of heal wounds
 p - a potion of resistance {unknown}
 C - a potion of lignification {unknown}


   Skills:
 + Level 5.2 Ranged Weapons
 + Level 6.0 Dodging
 + Level 6.3 Stealth
 + Level 2.4 Shields
 + Level 6.6 Spellcasting
 + Level 4.6 Conjurations
 - Level 1.3 Transmutations
 * Level 7.8 Earth Magic


You had 11 spell levels left.
You knew the following spells:

 Your Spells              Type           Power      Damage    Failure   Level
a - Sandblast             Erth           94%        2d19      1%          1
b - Stone Arrow           Conj/Erth      78%        3d11      3%          3
c - Passwall              Tmut/Erth      25%        N/A       2%          2
d - Petrify               Tmut/Erth      31%        N/A       19%         4

Your spell library contained the following spells:

 Spells                   Type           Power      Damage    Failure   Level
 Necrotise                Necr           32%        1d5       13%         1
 Animate Armour           Summ/Erth      54%        N/A       26%         4
 Summon Guardian Golem    Hex/Summ       8%         N/A       36%         3
 Vampiric Draining        Necr           8%         2d6       36%         3
 Haunt                    Necr/Summ      4%         N/A       100%        7
 Infestation              Necr           4%         N/A       100%        8
 Animate Dead             Necr           Unusable   N/A       N/A         4

Dungeon Overview and Level Annotations

Branches:
Dungeon (8/15)             Temple (0/1) D:5
   Lair: D:8-11

Altars:
Gozag
Kikubaaqudgha
Nemelex Xobeh
Trog
Xom
Zin

Shops:
D:2 [   D:3 !   D:5 [   D:6 (


Message History

The centaur is severely wounded.
The centaur shoots an arrow.
The arrow hits you!
Casting: Stone Arrow (dangerous; 3% risk of failure)
Confirm with . or Enter, or press ? or * to list all spells.
Aiming: Stone Arrow (dangerous; 3% risk of failure)
Press: ? - help, Shift-Dir - straight line, f/p - centaur
Aim: a centaur, wielding a +0 heavy shortbow (severely wounded, 84% to hit)
The stone arrow hits the centaur!
You kill the centaur!
Magic restored.
HP restored.
You now have 995 gold pieces (gained 22).
Things that are here:
a +0 heavy shortbow; a +0 flail; a +0 ring mail
Found an escape hatch in the floor.
No target in view!
There is an escape hatch in the floor here.
Found a stone staircase leading up.
Found a great sword.
A centaur comes into view.
The centaur shouts!
You hear a shout!
You hear an angry hiss.
The centaur wields a +1 shortbow of electrocution.
You hear the crackle of electricity.
The centaur shoots an arrow.
The arrow hits you!
The centaur shoots an arrow.
The arrow closely misses you.
The centaur shoots an arrow.
The arrow hits you.
You are electrocuted!
There is an escape hatch in the floor here.
You start resting.
A centaur is nearby!
Casting: Stone Arrow (dangerous; 3% risk of failure)
Confirm with . or Enter, or press ? or * to list all spells.
Aiming: Stone Arrow (dangerous; 3% risk of failure)
Press: ? - help, Shift-Dir - straight line, f - centaur
Aim: a centaur, wielding a +1 shortbow of electrocution (84% to hit)
You miscast Stone Arrow.
You are very lightly contaminated with residual magic.
Nothing appears to happen.
The centaur shoots an arrow.
The arrow hits you!
You are electrocuted!!
You die...
Your body crumbles into a pile of gold.

....# ....##
..)..#####
.........###
#.######...## #.#
###..##########
#.#########...#.......
.....
#)#.............#####
....
#...##########..@...##
.c. ##### ######c.#
##..# ##.## ##...#
#..# #....# ##.#
#....# #.####....##
#.>..#.....#
####.......#
#....#.....#


You could see a centaur.

Vanquished Creatures
  Sigmund (D:5)
  Eustachio (D:5)
  Menkaure (D:7)
  A black bear (D:6)
  A centaur (D:8)
  5 phantoms
  Blork the orc (D:4)
  A gnoll sergeant (D:4)
  2 scorpions
  5 wights (D:7)
  4 crimson imps (D:4)
  6 hounds
  2 jellies
  2 orc priests
  A sleepcap (D:6)
  3 iguanas
  3 orc wizards
  4 gnolls (D:5)
  10 adders
  A white imp (D:6)
  2 ufetubi
  4 worms
  4 dart slugs
  21 orcs
  8 ball pythons
  8 endoplasms
  A giant cockroach (D:4)
  8 goblins
  9 hobgoblins
  8 jackals
  6 quokkas
  9 bats
  4 frilled lizards
  11 kobolds
  10 rats
168 creatures vanquished.

Vanquished Creatures (others)
  A plant (D:1)
1 creature vanquished.

Grand Total: 169 creatures vanquished

Notes
Turn   | Place    | Note
-------+----------+-------------------------------------------
     0 | D:1      | Arzdou the Deep Elf Earth Elementalist began the quest for
                  | the Orb.
     0 | D:1      | Reached XP level 1. HP: 10/10 MP: 6/6
    82 | D:1      | Reached XP level 2. HP: 15/15 MP: 4/8
   491 | D:1      | Found a faded altar of an unknown god.
   574 | D:1      | Prayed at the altar of an unknown god.
   574 | D:1      | Became a worshipper of Gozag Ym Sagoz the Greedy
   649 | D:2      | Reached XP level 3. HP: 19/19 MP: 6/9
   793 | D:2      | Reached skill level 1 in Conjurations
   814 | D:2      | Learned a level 3 spell: Stone Arrow
   817 | D:2      | Learned a level 2 spell: Passwall
  1178 | D:2      | Found Efrunk's Armour Emporium.
  1325 | D:2      | Reached skill level 4 in Earth Magic
  1687 | D:3      | Reached XP level 4. HP: 24/24 MP: 9/11
  1736 | D:3      | Learned a level 4 spell: Petrify
  1895 | D:3      | Found Poeseu's Distillery.
  2397 | D:3      | Found a bloodstained altar of Trog.
  2652 | D:4      | Reached XP level 5. HP: 28/28 MP: 8/12
  2705 | D:4      | Identified the amulet "Duumueh" {Acrobat rC+ Int+3}
  2716 | D:4      | Reached skill level 1 in Ranged Weapons
  2875 | D:4      | Reached XP level 6. HP: 32/32 MP: 14/14
  2886 | D:4      | Found a sparkling altar of Nemelex Xobeh.
  3041 | D:4      | Noticed Blork the orc
  3045 | D:4      | Killed Blork the orc
  3046 | D:4      | Reached skill level 5 in Earth Magic
  3118 | D:4      | Found a shimmering altar of Xom.
  3283 | D:4      | Reached XP level 7. HP: 35/36 MP: 14/16
  3358 | D:4      | Reached skill level 5 in Spellcasting
  3537 | D:5      | Entered Level 5 of the Dungeon
  3596 | D:5      | Noticed Eustachio
  3619 | D:5      | Noticed Sigmund
  3672 | D:5      | Found Luuv's Antique Armour Emporium.
  3674 | D:5      | Got the Octavo of the Lethal Flock
  3681 | D:5      | Bought a shiny buckler for 157 gold pieces
  3681 | D:5      | Bought a pair of boots for 94 gold pieces
  3883 | D:5      | Killed Eustachio
  3884 | D:5      | Reached skill level 6 in Earth Magic
  3955 | D:5      | Reached skill level 5 in Stealth
  3964 | D:5      | Killed Sigmund
  3965 | D:5      | Reached skill level 1 in Shields
  3965 | D:5      | Reached XP level 8. HP: 41/41 MP: 7/18
  3980 | D:5      | Reached skill level 5 in Dodging
  4049 | D:5      | Found a staircase to the Ecumenical Temple.
  4091 | D:5      | Found a glowing silver altar of Zin.
  4092 | D:5      | Found an ancient bone altar of Kikubaaqudgha.
  4585 | D:6      | Found Pisoeplu's Weapon Shoppe.
  4776 | D:6      | Identified the amulet "Nuamuc" {Faith Dex+3}
  4869 | D:7      | Reached skill level 7 in Earth Magic
  5113 | D:7      | Noticed Menkaure
  5120 | D:7      | Killed Menkaure
  5249 | D:7      | Reached XP level 9. HP: 45/45 MP: 16/20
  5253 | D:7      | Reached skill level 5 in Ranged Weapons
  5714 | D:8      | Shot with an arrow by a centaur

Illustrated notes

Levels and vault maps discovered:
D:1:      scummos_arrival_star, layout_rooms,
          shapermc_ecumenical_altar_acropolis
D:2:      layout_basic, serial_shops, nicolae_shop_advertising_works
          [nicolae_subvault_shop_adworks]
D:3:      minmay_spotlight, layout_basic, trog_butcher_becter, serial_shops,
          shop, patterned_corridor
D:4:      cheibrodos_barr_body, layout_rooms, led_xom_imps,
          nemelex_dance_club_becter, uniq_blork_the_orc
D:5:      layout_basic, jmf_multi_god_temple, minmay_temple_entry_trees,
          serial_shops, shop, uniq_eustachio, uniq_sigmund
D:6:      layout_rooms, serial_shops, nicolae_shop_bloodbath_and_beyond
D:7:      layout_rooms, uniq_menkaure
D:8:      layout_rooms

Skill      XL: |  1  2  3  4  5  6  7  8  9 |
---------------+----------------------------+-----
Dodging        | 3 4 5 6 |  6.0
Conjurations   | 1 2 3 4 |  4.6
Stealth        | 3 4 5 6 |  6.3
Earth Magic    | 4 5 6 7 |  7.8
Ranged Weapons | 1 2 3 4 5 |  5.2
Spellcasting   | 4 5 6 |  6.6
Shields        | 1 2 |  2.4
Transmutations | |  1.3

Action                     |  1- 3 |  4- 6 |  7- 9 || total
---------------------------+-------+-------+-------++-------
  Melee: Unarmed           |     6 |       |       ||     6
   Fire: Sling             |       |    29 |    65 ||    94
   Cast: Sandblast         |    60 |    57 |    52 ||   169
         Stone Arrow       |       |     4 |    66 ||    70
    Use: Scroll            |       |     5 |     3 ||     8
 Armour: Robe              |       |     1 |    13 ||    14
  Dodge: Dodged            |     5 |    11 |    35 ||    51
  Block: Buckler           |       |       |     7 ||     7

Table legend: (Time is in decaauts)
 A = Elapsed time spent in this place.
 B = Non-inter-level travel time spent in this place.
 C = Inter-level travel time spent in this place.
 D = Time resting spent in this place.
 E = Time spent auto-exploring this place.
 F = Levels seen in this place.
 G = Mean time per level.
                   A        B        C        D        E       F      G
               +--------+--------+--------+--------+--------+-----+--------+
         Total |   5830 |   5591 |    239 |     72 |   4549 |   8 |  728.8 |
       Dungeon |   5830 |   5591 |    239 |     72 |   4549 |   8 |  728.8 |
               +--------+--------+--------+--------+--------+-----+--------+

Top non-repeatable levels by time:
     D:3: 1110 daAuts
     D:2: 1063 daAuts
     D:5: 879 daAuts
     D:4: 833 daAuts
     D:7: 681 daAuts
     D:1: 627 daAuts
     D:6: 453 daAuts
     D:8: 181 daAuts
